 Dungeon Crawl Stone Soup version 0.21.1-1-g345015f (webtiles) character file.

51 ourship the Magician (level 3, 19/19 HPs)
             Began as a Deep Elf Fire Elementalist on Feb 8, 2018.
             Quit the game on level 1 of the Dungeon on Feb 11, 2018.
             The game lasted 00:12:10 (1336 turns).

ourship the Magician (Deep Elf Fire Elementalist)   Turns: 1336, Time: 00:12:11

Health: 19/19      AC:  3    Str:  5    XL:     3   Next: 57%
Magic:  10/10      EV: 13    Int: 20    God:
Gold:   35         SH:  0    Dex: 15    Spells: 6/10 levels left

rFire    . . .     SeeInvis .   g - +0 hunting sling
rCold    . . .     Gourm    .   (no shield)
rNeg     . . .     Faith    .   a - +0 robe
rPois    .         Spirit   .   (no helmet)
rElec    .         Reflect  .   (no cloak)
rCorr    .         Harm     .   (no gloves)
MR       .....                  l - +0 pair of boots
Stlth    ++........             (no amulet)
HPRegen  0.06/turn              (no ring)
MPRegen  0.12/turn              (no ring)

@: no status effects
A: no striking features
a: no special abilities


You were on level 1 of the Dungeon.
You were not hungry.

You visited 1 branch of the dungeon, and saw 2 of its levels.

You collected 35 gold pieces.

Inventory:

Hand Weapons
 g - a +0 hunting sling (weapon)
 j - a +1 dagger of electrocution
Missiles
 i - 68 stones
 n - 17 sling bullets (quivered)
Armour
 a - a +0 robe (worn)
 l - a +0 pair of boots (worn)
Jewellery
 e - an uncursed amulet of magic regeneration {unknown}
Scrolls
 f - a scroll of random uselessness {unknown}
 h - a scroll of amnesia {unknown}
 k - 2 scrolls of identify {unknown}
 m - a scroll of enchant armour {unknown}
Books
 b - a book of Flames

   Spells                             Type                      Level
   a - Flame Tongue                   Conjuration/Fire             1
   b - Throw Flame                    Conjuration/Fire             2
   c - Conjure Flame                  Conjuration/Fire             3
   d - Inner Flame                    Hexes/Fire                   3
   e - Sticky Flame                   Conjuration/Fire             4
   f - Fireball                       Conjuration/Fire             5
Comestibles
 c - 6 rations
 d - 2 chunks of flesh


   Skills:
 - Level 2.4 Dodging
 - Level 2.4 Stealth
 + Level 4.0 Spellcasting
 + Level 2.3 Conjurations
 + Level 4.0 Fire Magic


You had 6 spell levels left.
You knew the following spells:

 Your Spells              Type           Power        Failure   Level  Hunger
a - Flame Tongue          Conj/Fire      ###..        3%          1    None
b - Conjure Flame         Conj/Fire      ###.....     11%         3    ###....


Dungeon Overview and Level Annotations

Branches:
Dungeon (2/15)

Altars:

Annotations:
D:2 Terence


Message History

The kobold throws a stone.
The stone hits you.
Firing (i - inventory. (,) - cycle):
n - 19 sling bullets (quivered)
Press: ? - help, Shift-Dir - straight line, f - kobold
Aim: a kobold, wielding a dagger You shoot a sling bullet.
The sling bullet hits the kobold.
You kill the kobold!
Firing (i - inventory. (,) - cycle):
n - 18 sling bullets (quivered)
Press: ? - help, Shift-Dir - straight line, f - goblin
Aim: a goblin, wielding a club You shoot a sling bullet.
The sling bullet hits the goblin.
You kill the goblin!
You climb upwards.
There is a stone staircase leading down here.
You start resting.
HP restored.
Welcome back, ourship the Deep Elf Fire Elementalist.
Press ? for a list of commands and other information.
Quiver which item? (- for none, * to show all) (? for menu, Esc to quit)
Okay, then.
Are you sure you want to abandon this character and quit the game? (Confirm with "yes".)

#.####.####..########.##.##.##
#.# #.# #..# ###.##.#...# #.#
#.####..## ##.#.##...... #.#
#........####.#..####...# #.#
######................... #.#
##..####.#.########. #.# #..#
##.##........ #.##########..#
####.###.... #............@#
#.# #.#.. #############.# #.#
#.##. #.# #.# #.### #.#
#.###.# # #.# #.#...# # #.#
#.#.### # #.# #.#.# # #.#
#.#.# #.########.#.#


There were no monsters in sight!

Vanquished Creatures
  An adder (D:2)
  A dart slug (D:2)
  A leopard gecko (D:1)
  10 bats
  A giant cockroach (D:1)
  2 goblins
  5 hobgoblins (D:1)
  2 jackals (D:1)
  3 kobolds
  5 frilled lizards
  6 rats
37 creatures vanquished.

Notes
Turn   | Place    | Note
-------+----------+-------------------------------------------
     0 | D:1      | ourship the Deep Elf Fire Elementalist began the quest for the Orb.
     0 | D:1      | Reached XP level 1. HP: 10/10 MP: 6/6
    79 | D:1      | Reached XP level 2. HP: 14/15 MP: 0/8
   775 | D:1      | Reached XP level 3. HP: 19/19 MP: 6/10
   784 | D:1      | Learned a level 3 spell: Conjure Flame
  1151 | D:2      | Noticed Terence
  1296 | D:2      | Noticed a black bear
  1336 | D:1      | Quit the game

Skill      XL: |  1  2  3 |
---------------+----------+-----
Conjurations   | 2 |  2.3
Spellcasting   | 4 |  4.0
Fire Magic     | 4 |  4.0
Dodging        | |  2.4
Stealth        | |  2.4

Action                   || total
-------------------------++-------
 Fire: Hunting sling     ||    17
 Cast: Flame Tongue      ||    55
  Eat: Chunk             ||     1
Armor: Robe              ||     6
Dodge: Dodged            ||    30
